AoeStats
← xlxl

Fortress

510293369Analyzed
1v1 RM · 23h ago on Sep 30, 2026· 80m 1s· 2 players
Game mode
Random Map
Map size
Small (3 player)
Population
200
Speed
Normal
Resources
Standard
Victory
Conquest
Starting age
Dark Age
Ending age
Imperial Age
RankedLock teamsTeams togetherTeam positionsShared explorationLock speedFull tech treeHidden civsTurbo modeCheats
Victory
Defeat
🇬🇧 Poles · United Kingdom
656
+17
🇹🇷 Portuguese · Türkiye
667
-17
xlxl
0:57 Loom
8:08 Feudal Age
9:54 Double-Bit Axe
17:03 Castle Age
16:53 Stone Mining
18:49 Szlachta Privileges
19:25 Gold Mining
19:56 Fletching
20:17 Forging
20:13 Scale Barding Armor
20:09 Town Watch
21:05 Husbandry
21:54 Bloodlines
25:32 Bow Saw
27:39 Iron Casting
28:06 Chain Barding Armor
32:57 Imperial Age
29:58 Light Cavalry
31:05 Bodkin Arrow
33:27 Murder Holes
33:56 Ballistics
33:47 Masonry
33:18 Cavalier
36:11 Winged Hussar
38:45 Blast Furnace
37:45 Bracer
39:21 Lechitic Legacy
42:33 Hoardings
42:19 Scale Mail Armor
43:36 Chemistry
42:42 Siege Engineers
42:19 Treadmill Crane
43:20 Wheelbarrow
44:11 Elite Obuch
46:37 Hoardings
45:51 Man-at-Arms
47:43 Chain Mail Armor
50:18 Long Swordsman
50:59 Squires
50:46 Arson
51:29 Sappers
53:09 Plate Mail Armor
53:06 Bombard Tower
52:39 Guard Tower
58:43 Two-Handed Swordsman
62:10 Champion
69:47 Hand Cart
69:32 Town Patrol
ercinbarlas1
9:29 Feudal Age
11:00 Wheelbarrow
10:13 Double-Bit Axe
10:11 Horse Collar
11:50 Gold Mining
11:54 Stone Mining
17:32 Castle Age
22:29 Bow Saw
22:25 Heavy Plow
23:20 Stone Shaft Mining
28:45 Hand Cart
29:15 Pikeman
29:40 Arson
33:16 Imperial Age
36:30 Imperial Age
36:46 Capped Ram
37:25 Elite Organ Gun
37:53 Halberdier
42:52 Two-Man Saw
42:19 Onager
49:50 Circumnavigation
49:20 Sappers
57:17 Crop Rotation
59:11 Ballistics
59:52 Chemistry
58:43 Heated Shot
Connection lost

Rejoining the realm…

Still unreachable

The connection could not be restored.

Session expired

The server has moved on; the page needs a fresh start.